 Dungeon Crawl Stone Soup version 0.28.0-45-g0d030f2227 (webtiles) character file.

Game seed: 13736246467472273549

1582 101zpm the Thaumaturge (level 9, -2/58 HPs)
             Began as a Djinni Ice Elementalist on Apr 10, 2022.
             Slain by a wyvern zombie (10 damage)
             ... on level 6 of the Dungeon on Apr 11, 2022.
             The game lasted 00:44:46 (7480 turns).

101zpm the Thaumaturge (Djinni Ice Elementalist)    Turns: 7480, Time: 00:44:46

Health: -2/58      AC:  6    Str:  7    XL:     9   Next: 14%
Gold:   215        EV: 13    Int: 22    God:
                   SH:  0    Dex: 13

rFire   + + .      SeeInvis .   r - +3 hand axe
rCold   x . .      Faith    .   (no shield)
rNeg    . . .      Spirit   .   m - +1 robe of Ystehuq {Harm Regen+}
rPois   ∞          Reflect  .   (no helmet)
rElec   .          Harm     +   v - +0 cloak
rCorr   .          Rampage  .   h - +1 pair of gloves
Will    .....                   (boots unavailable)
Stlth   ++........              k - amulet of regeneration
HPRegen 1.79/turn               (no ring)
MPRegen 0.00/turn               (no ring)

@: flying
A: sickness immunity, fire resistance 2, cold vulnerability 1, float, innate
caster, HP casting, extra vitality 1
a: no special abilities


You were on level 6 of the Dungeon.
You visited 1 branch of the dungeon, and saw 6 of its levels.

You collected 215 gold pieces.

Inventory:

Hand Weapons
 r - a +3 hand axe (weapon)
Armour
 a - a +0 robe
 h - a +1 pair of gloves (worn)
 m - the +1 robe of Ystehuq (worn) {Harm Regen+}
   (You found it on level 2 of the Dungeon)

   Regen:     It increases your rate of health regeneration.
   Harm:      It increases damage dealt and taken.
 v - a +0 cloak (worn)
Jewellery
 k - an amulet of regeneration (around neck)
Wands
 o - a wand of iceblast (2)
 s - a wand of paralysis (12)
 u - a wand of flame (19)
Scrolls
 b - a scroll of amnesia {unknown}
 i - 2 scrolls of enchant weapon {unknown}
 n - 2 scrolls of teleportation {unknown}
 p - 2 scrolls of identify {unknown}
 q - a scroll of blinking {unknown}
 t - a scroll of enchant armour {unknown}
Potions
 c - a potion of curing {unknown}
 d - 2 potions of degeneration {unknown}
 e - 2 potions of magic {unknown}
 f - 3 potions of lignification {unknown}
 g - 2 potions of flight {unknown}
 j - 2 potions of resistance {unknown}
 l - a potion of might {unknown}


   Skills:
 + Level 2.0 Fighting
 + Level 1.6 Axes
 + Level 4.4 Dodging
 + Level 2.4 Stealth
 + Level 8.0 Spellcasting
 + Level 0.1 Evocations


You had 3 spell levels left.
You knew the following spells:

 Your Spells              Type           Power      Damage    Failure   Level
a - Freeze                Ice            100%       1d11      1%          1
b - Frozen Ramparts       Ice            88%        1d10      1%          3
c - Ozocubu's Armour      Ice            44%        N/A       1%          3
d - Hailstorm             Conj/Ice       44%        3d10      2%          4
e - Animate Skeleton      Necr           88%        N/A       1%          1
f - Blink                 Tloc           88%        N/A       1%          2
g - Mephitic Cloud        Conj/Pois/Air  44%        N/A       1%          3
h - Cause Fear            Hex            22%        N/A       2%          4
Your spell library was empty.

Dungeon Overview and Level Annotations

Branches:
Dungeon (6/15)
 Temple: D:4-7

Altars:

Annotations:
D:5 1 runed translucent door, dandone's ghost, novice DDHu
D:6 Menkaure


Innate Abilities, Weirdness & Mutations

You are immune to sickness and miasma.
You are immune to poison.
Your flesh is very heat resistant. (rF++)
You are vulnerable to cold. (rC-)
You float through the air rather than walking.
You learn spells naturally, not from books.
Your magical power is your life essence.
You have superior vitality. (+4 MHP)


Message History

Aiming: Freeze (safe; 1% risk of failure)
Press: ? - help, Q - select action, (/) - cycle Shift-Dir - straight line, f/p - wyvern zombie
Aim: a wyvern zombie (severely damaged)
You freeze the wyvern zombie.
The wyvern zombie resists.
The wyvern zombie is severely damaged.
The wyvern zombie resists.
The wall freezes the wyvern zombie.
The wyvern zombie closely misses you.
The wyvern zombie resists.
The wall freezes the wyvern zombie.
The wyvern zombie misses you.
Aiming: Freeze (safe; 1% risk of failure)
Press: ? - help, Q - select action, (/) - cycle Shift-Dir - straight line, f/p - wyvern zombie
Aim: a wyvern zombie (severely damaged)
You freeze the wyvern zombie.
The wyvern zombie resists.
The wyvern zombie is severely damaged.
The wall freezes the wyvern zombie but does no damage.
The wyvern zombie barely misses you.
Aiming: Freeze (safe; 1% risk of failure)
Press: ? - help, Q - select action, (/) - cycle Shift-Dir - straight line, f/p - wyvern zombie
Aim: a wyvern zombie (severely damaged)
You freeze the wyvern zombie but do no damage.
The wyvern zombie completely resists.
The wyvern zombie completely resists.
The wall freezes the wyvern zombie but does no damage.
The wyvern zombie bites you!
Aiming: Freeze (safe; 1% risk of failure)
Press: ? - help, Q - select action, (/) - cycle Shift-Dir - straight line, f/p - wyvern zombie
Aim: a wyvern zombie (severely damaged)
You freeze the wyvern zombie.
The wyvern zombie resists.
The wyvern zombie is severely damaged.
The wyvern zombie completely resists.
The wall freezes the wyvern zombie but does no damage.
The wyvern zombie bites you!
The wyvern zombie resists.
The wall freezes the wyvern zombie.
The wyvern zombie bites you.
Your frozen ramparts will break if you move.
Continue?
The frozen ramparts melt away as you move.
The wyvern zombie bites you!
* * * LOW HITPOINT WARNING * * *
The wyvern zombie bites you.
* * * LOW HITPOINT WARNING * * *
The wyvern zombie bites you!
You die...

.##..#..###.#.# . .........
.#.###..##. ...# #..#..#
...........
..#.##..#..###.#.###.....
#.......................
#..##..#..#..........#..
####.......................
.......#.^#ZZ#.#.#.#.#..#..
#........@..........#..#..
..............#.###.#..#.#
..#..##.##....#.#........#
...#..##.##.#(†#.#........#
.........##.#..#.#...#.....
####...#.##................
.........####..#.#.........
...........................
####.....####.####...####..


You could see 2 wyvern zombies.

Vanquished Creatures
  Grinder (D:3)
  Sigmund (D:6)
  Eustachio (D:4)
  A water moccasin (D:5)
  2 sky beasts
  A necrophage (D:6)
  A centaur (D:5)
  2 phantoms (D:5)
  A scorpion (D:6)
  A water moccasin zombie (D:5)
  A bullfrog zombie (D:6)
  3 hounds
  Ijyb (D:4)
  Robin (D:4)
  5 adders
  A shadow imp (D:5)
  A white imp (D:6)
  An adder zombie (D:5)
  3 worms
  3 dart slugs
  8 orcs
  7 endoplasms
  4 giant cockroaches
  16 goblins
  15 hobgoblins
  4 jackals (D:2)
  4 quokkas
  7 ball pythons
  3 bats
  6 frilled lizards
  6 kobolds
  4 rats
116 creatures vanquished.

Vanquished Creatures (collateral kills)
  An iguana (D:4)
1 creature vanquished.

Grand Total: 117 creatures vanquished

Notes
Turn   | Place    | Note
-------+----------+-------------------------------------------
     0 | D:1      | 101zpm the Djinni Ice Elementalist began the quest for the
                  | Orb.
     0 | D:1      | Reached XP level 1. HP: 15/15 MP: 0/0
   528 | D:1      | Reached XP level 2. HP: 20/21 MP: 0/0
  1465 | D:2      | Reached XP level 3. HP: 18/25 MP: 0/0
  1465 | D:2      | Learned a level 1 spell: Animate Skeleton
  1817 | D:2      | Reached skill level 4 in Spellcasting
  2269 | D:1      | Reached XP level 4. HP: 24/31 MP: 0/0
  2624 | D:2      | Found a faded altar of an unknown god.
  2882 | D:2      | Identified the +1 robe of Ystehuq {Harm Regen+}
  3995 | D:4      | Noticed Ijyb
  4008 | D:4      | Killed Ijyb
  4009 | D:4      | Reached XP level 5. HP: 34/35 MP: 0/0
  4009 | D:4      | Learned a level 2 spell: Blink
  4056 | D:4      | Noticed Grinder
  4057 | D:4      | Paralysed by Grinder for 2 turns
  4078 | D:4      | Reached skill level 5 in Spellcasting
  4114 | D:3      | Paralysed by Grinder for 2 turns
  4263 | D:4      | Noticed Robin
  4268 | D:4      | Reached XP level 6. HP: 39/40 MP: 0/0
  4275 | D:4      | Killed Robin
  4443 | D:4      | Noticed Eustachio
  4481 | D:5      | Entered Level 5 of the Dungeon
  4821 | D:5      | Reached skill level 6 in Spellcasting
  4821 | D:5      | Reached XP level 7. HP: 36/46 MP: 0/0
  4821 | D:5      | Learned a level 3 spell: Mephitic Cloud
  4963 | D:5      | Noticed a water moccasin
  4972 | D:5      | Killed a water moccasin
  5487 | D:6      | Noticed Menkaure
  5521 | D:5      | Found a runed translucent door.
  5523 | D:5      | Noticed dandone's ghost (novice DDHu)
  5728 | D:5      | Reached XP level 8. HP: 24/51 MP: 0/0
  6237 | D:4      | Reached skill level 1 in Fighting
  6372 | D:4      | Killed Eustachio
  6373 | D:4      | Reached skill level 7 in Spellcasting
  6725 | D:3      | Paralysed by Grinder for 4 turns
  6737 | D:3      | Paralysed by Grinder for 2 turns
  6775 | D:3      | Paralysed by Grinder for 3 turns
  6825 | D:3      | Killed Grinder
  6826 | D:3      | Reached skill level 1 in Axes
  7317 | D:6      | Reached XP level 9. HP: 54/58 MP: 0/0
  7317 | D:6      | Learned a level 4 spell: Cause Fear
  7392 | D:6      | Noticed Sigmund
  7437 | D:6      | Killed Sigmund
  7438 | D:6      | Reached skill level 8 in Spellcasting
  7480 | D:6      | Slain by a wyvern zombie

Illustrated notes

Levels and vault maps discovered:
D:1:      giann_forest_graveyard, layout_basic
D:2:      layout_basic, hellmonk_ecumenical_altar_dog_temple
D:3:      layout_basic, minivault_27
D:4:      minmay_general_purpose_star, layout_basic, serial_curves,
          eino_curves_02, eino_curves_02, eino_curves_03, uniq_grinder,
          uniq_ijyb, uniq_eustachio, uniq_robin
D:5:      layout_basic, hellmonk_ghost_happy_afterlife, minmay_liquid_box
D:6:      layout_basic, cheibrodos_sewer_entry_bend, amethyst_killhole,
          sword_in_stone, uniq_edmund, uniq_menkaure, uniq_sigmund

Skill      XL: |  1  2  3  4  5  6  7  8  9 |
---------------+----------------------------+-----
Spellcasting   | 4 5 6 7 8 |  8.0
Stealth        | 2 |  2.4
Dodging        | 3 4 |  4.4
Fighting       | 1 2 |  2.0
Axes           | 1 |  1.6
Evocations     | |  0.1

Action                   |  1- 3 |  4- 6 |  7- 9 || total
-------------------------+-------+-------+-------++-------
Melee: Unarmed           |       |    16 |       ||    16
       Punch             |       |     1 |       ||     1
       Hand axe          |       |       |    56 ||    56
 Cast: Freeze            |    58 |   137 |   147 ||   342
       Animate Skeleton  |       |     9 |     2 ||    11
       Frozen Ramparts   |       |    10 |    25 ||    35
       Ozocubu's Armour  |       |     4 |     4 ||     8
       Blink             |       |     1 |     5 ||     6
       Mephitic Cloud    |       |       |     2 ||     2
       Cause Fear        |       |       |     1 ||     1
Evoke: Wand              |       |       |     1 ||     1
 Stab: Sleeping          |       |       |     2 ||     2
Armor: Robe              |     5 |    40 |    59 ||   104
Dodge: Dodged            |    28 |    80 |   128 ||   236
